General information
- name: SWWT
- type: Custom game
- host: Jman5
- saver: soul-bane
map: TirisfalGlades
- players: 3
- length: 26:06
- speed: Fast
- version: 1.21 W3XP
- replay type: Public
» download(120 KB)
Players
team 1 (winner)
Jman5 (
red | 97 APM | 2545 actions | 26:06)
5 Blademaster
2 Wind Walk
3 Critical Strike
4 Shadow Hunter
2 Hex
2 Healing Wave
» actions
| Assign group hotkey | 59 | |
| Basic commands | 141 | |
| Build / train | 87 | |
| Enter build submenu | 22 | |
| Enter hero's abilities submenu | 9 | |
| Give item / drop item | 13 | |
| Right click | 1008 | |
| Select / deselect | 457 | |
| Select group hotkey | 502 | |
| Use ability | 247 | |
2545 total
» units
| Peon | 10 | |
| Grunt | 5 | |
| Raider | 20 | |
| Spirit Walker | 7 | |
| Demolisher | 2 | |
44 total
» upgrades
| Ensnare | 1 | |
| Spirit Walker Training | 1 | |
| Armor | 1 | |
| Melee Weapons | 1 | |
4 total
» buildings
| Altar of Storms | 1 | |
| Orc Burrow | 6 | |
| Barracks | 1 | |
| Voodoo Lounge | 2 | |
| Stronghold | 1 | |
| War Mill | 1 | |
| Beastiary | 1 | |
| Spirit Lodge | 1 | |
| Great Hall | 2 | |
16 total
» build order
00:06 Altar of Storms
00:16 Orc Burrow
00:36 Barracks
01:35 Orc Burrow
02:06 Voodoo Lounge
02:56 Stronghold
04:23 War Mill
05:32 Beastiary
05:59 Spirit Lodge
06:07 Orc Burrow
08:40 Orc Burrow
09:15 Voodoo Lounge
12:27 Orc Burrow
12:36 Great Hall
20:53 Orc Burrow
21:07 Great Hall
» items
| Healing Salve | 8 | |
| Lesser Clarity Potion | 8 | |
| Boots of Speed | 1 | |
| Potion of Healing | 1 | |
| Potion of Lesser Invulnerability | 2 | |
| Scroll of Healing | 5 | |
| Scroll of Town Portal | 2 | |
27 total
team 2 (loser)
soul-bane (
gray | 179 APM | 4668 actions | 26:06)
5 Demon Hunter
3 Mana Burn
2 Evasion
4 Beastmaster
2 Summon Quilbeast
2 Summon Hawk
» actions
| Assign group hotkey | 52 | |
| Basic commands | 14 | |
| Build / train | 111 | |
| ESC pressed | 3 | |
| Enter build submenu | 18 | |
| Enter hero's abilities submenu | 9 | |
| Give item / drop item | 4 | |
| Remove unit from queue | 1 | |
| Right click | 2597 | |
| Select / deselect | 1000 | |
| Select group hotkey | 734 | |
| Use ability | 125 | |
4668 total
» units
| Wisp | 22 | |
| Huntress | 13 | |
| Druid of the Talon | 15 | |
| Archer | 9 | |
| Dryad | 12 | |
71 total
» upgrades
| Ultravision | 1 | |
| Moon Armor | 2 | |
| Abolish Magic | 1 | |
| Strength of the Wild | 2 | |
| Druid of the Talon Training | 1 | |
| Improved Bows | 1 | |
| Strength of the Moon | 2 | |
| Reinforced Hides | 1 | |
11 total
» buildings
| Altar of Elders | 1 | |
| Moon Well | 7 | |
| Hunter's Hall | 1 | |
| Ancient of War | 3 | |
| Tree of Ages | 3 | |
| Ancient of Wonders | 1 | |
| Ancient of Lore | 1 | |
| Ancient of Wind | 1 | |
| Tree of Life | 1 | |
| Tree of Eternity | 2 | |
21 total
» build order
00:04 Altar of Elders
00:16 Moon Well
01:41 Hunter's Hall
01:44 Ancient of War
02:20 Moon Well
02:49 Tree of Ages
02:49 Tree of Ages
03:19 Moon Well
04:19 Ancient of Wonders
04:51 Moon Well
06:38 Ancient of Lore
06:39 Ancient of Wind
09:45 Moon Well
11:21 Tree of Life
18:40 Moon Well
20:43 Moon Well
23:31 Tree of Eternity
23:32 Tree of Eternity
24:09 Ancient of War
24:30 Ancient of War
» items
| Boots of Speed | 1 | |
| Dust of Appearance | 1 | |
| Staff of Preservation | 1 | |
| Staff of Teleportation | 1 | |
| Potion of Healing | 1 | |
| Scroll of Town Portal | 2 | |
| Scroll of Healing | 5 | |
12 total
observersRoboFerret Chat log
(00:08 / All) soul-bane: ghhf
(00:10 / All) soul-bane: gghf
(00:10 / All) Jman5: ya
(02:20 / All) Jman5: :D
(11:50 / All) Jman5: can I puase it for a second
(11:52 / All) Jman5: food is here
(11:56 / All) soul-bane: sure
(11:59 / All) soul-bane: ya
(26:06 / All) soul-bane: gg